AoeStats
← Zatára

Black Forest

504554813Analyzed
1v1 RM · 27d ago on Sep 5, 2026· 44m 29s· 2 players
Game mode
Random Map
Map size
Tiny (2 player)
Population
200
Speed
Normal
Resources
Standard
Victory
Conquest
Starting age
Dark Age
Ending age
Imperial Age
RankedLock teamsTeams togetherTeam positionsShared explorationLock speedFull tech treeHidden civsTurbo modeCheats
Victory
Defeat
🇲🇽 Sicilians · Mexico
1616
+17
🇪🇸 Jurchens · Spain
1641
-17
VENÓN | Hyoga
1:05 Loom
11:34 Feudal Age
15:17 Castle Age
13:24 Double-Bit Axe
13:20 Horse Collar
16:26 Bow Saw
27:52 Heavy Plow
27:45 Gold Mining
30:46 Wheelbarrow
29:58 Town Watch
33:10 Imperial Age
30:52 Scale Mail Armor
33:30 Chain Mail Armor
33:10 Capped Ram
34:22 Conscription
34:16 Forging
35:15 Plate Mail Armor
37:03 Iron Casting
36:44 Fletching
37:01 Fletching
36:50 Onager
38:07 Elite Skirmisher
39:03 Bodkin Arrow
39:51 Padded Archer Armor
39:53 Bracer
41:11 Iron Casting
40:50 Padded Archer Armor
42:13 Ballistics
41:34 Siege Ram
Zatára
1:09 Loom
10:22 Feudal Age
14:02 Castle Age
12:22 Double-Bit Axe
22:34 Bow Saw
26:46 Town Watch
27:41 Wheelbarrow
31:54 Imperial Age
30:01 Gold Mining
30:11 Horse Collar
31:43 Gold Shaft Mining
31:50 Siege Engineers
33:38 Chemistry
34:27 Conscription
34:57 Heavy Plow
35:57 Murder Holes
36:10 Fletching
38:07 Fortified Wall
38:36 Squires
39:00 Man-at-Arms
39:01 Pikeman
40:30 Stone Mining
41:21 Ballistics
42:06 Hand Cart
42:58 Scale Mail Armor
43:42 Bodkin Arrow
44:02 Chain Mail Armor
44:34 Bracer
Connection lost

Rejoining the realm…

Still unreachable

The connection could not be restored.

Session expired

The server has moved on; the page needs a fresh start.